 Dungeon Crawl Stone Soup version 0.31-a0-164-g2312942fda (webtiles) character file.

Game seed: 7536978749942188512

511 qw the Chopper (level 7, -3/44 HPs)
             Began as a Gargoyle Fighter on June 13, 2023.
             Slain by an ogre
             ... wielding a +0 giant club
              (18 damage)
             ... on level 5 of the Dungeon.
             The game lasted 00:01:53 (3810 turns).

qw the Chopper (Gargoyle Fighter)                   Turns: 3810, Time: 00:01:54

Health: -3/44      AC: 15    Str: 21    XL:     7   Next: 19%
Magic:  7/7        EV:  8    Int:  9    God:
Gold:   241        SH:  4    Dex:  9    Spells: 6/6 levels left

rFire   . . .        Y - +1 war axe
rCold   . . .        c - +0 buckler
rNeg    + . .        f - +0 chain mail
rPois   inf          k - +0 helmet
rElec   +            (no cloak)
rCorr   .            (no gloves)
SInv    .            (no boots)
Will    .....        a - amulet of the acrobat Stlth
                     (no ring)
HPRegen 0.27/turn    (no ring)
MPRegen 0.10/turn

%: acrobat
@: no status effects
A: sickness immunity, AC +4, negative energy resistance 1, electricity
resistance, torment resistance 1, petrification resistance
a: no special abilities


You were on level 5 of the Dungeon.
You visited 1 branch of the dungeon, and saw 5 of its levels.

You collected 241 gold pieces.


Innate Abilities, Weirdness & Mutations

You are immune to sickness and miasma.
Your stone body is resilient. (AC +4)
You are immune to poison.
You resist negative energy. (rN+)
You are resistant to electric shocks. (rElec)
You are resistant to unholy torment.
You are immune to petrification.


   Skills:
 - Level 4.6 Fighting
 + Level 6.2 Axes
 - Level 3.2 Armour
 - Level 1.0 Dodging
 - Level 3.2 Shields


You had 6 spell levels left.
You didn't know any spells.
Your spell library was empty.

Inventory:

Hand Weapons
 q - a +3 flail of venom
 Y - a +1 war axe (weapon)
Missiles
 l - 4 boomerangs (quivered)
Armour
 c - a +0 buckler (worn)
 f - a +0 chain mail (worn)
 k - a +0 helmet (worn)
Jewellery
 a - an amulet of the acrobat (around neck)
Scrolls
 m - a scroll of identify
Potions
 d - 3 potions of might
 g - a potion of degeneration {unknown}
 h - a potion of lignification {unknown}
 i - 3 potions of curing
 j - a potion of heal wounds
 o - a potion of haste {unknown}

Dungeon Overview and Level Annotations

Branches:
Dungeon (5/15)
 Temple: D:4-7

Altars:
Nemelex Xobeh
Sif Muna
Xom

Annotations:
D:2 1 runed translucent door, Crazy Yiuf


Message History

The adder hisses angrily.
The boomerang hits the adder.
The adder is lightly wounded.
Found a stone staircase leading up.
An ogre comes into view. It is wielding a +0 giant club.
Enter note:
Enter note: You throw a boomerang.
The ogre shouts!
The boomerang hits the adder.
The adder is moderately wounded.
You hear a bark!
The adder bites you.
You closely miss the adder.
The adder is moderately wounded.
The adder bites you but does no damage. x2
You slash the adder!
You kill the adder!
You hit the jelly.
Your hands burn!
The jelly is severely wounded.
The jelly hits you but does no damage.
You hit the jelly.
You kill the jelly!
You slash the ogre!
The ogre is heavily wounded.
The ogre completely misses you.
You barely miss the ogre.
The ogre is heavily wounded.
The ogre completely misses you.
You slash the ogre!
The ogre is severely wounded.
The ogre hits you with a +0 giant club!
You completely miss the ogre.
The ogre is severely wounded.
A jackal comes into view.
The ogre hits you with a +0 giant club!
The jackal moves out of view.
You barely miss the ogre.
The ogre is severely wounded.
The ogre hits you with a +0 giant club!!
You die...

##...............
.......#.........
##....###....###. ....
.........##.## ...h
.....###..#.## .....
......##.....# .....
..........#### ......
.#.........# ###...>..
.#........######@O......
..........#.#....#....<.
##.............### .....
#...............# ....
.................# ...
.....#.............. ..
###.##.##.....##.... #
#.... #.....# ..... ..#.
....... ..#..


You could see an ogre and a jackal (wandering).

Vanquished Creatures
  Edmund (D:4)
  An ogre (D:4)
  A quasit (D:4)
  A jelly (D:5)
  Terence (D:3)
  Natasha (D:3)
  9 adders
  2 shadow imps (D:4)
  3 white imps (D:4)
  2 ufetubi (D:4)
  A worm (D:3)
  A dart slug (D:4)
  6 orcs
  7 endoplasms
  3 giant cockroaches
  6 goblins
  10 hobgoblins
  6 kobolds
  5 quokkas
  5 ball pythons
  4 bats
  4 frilled lizards
  5 rats
85 creatures vanquished.

Notes
Turn   | Place    | Note
-------+----------+-------------------------------------------
     0 | D:1      | qw the Gargoyle Fighter began the quest for the Orb.
     0 | D:1      | Reached XP level 1. HP: 14/14 MP: 1/1
     0 | D:1      | 0 ||| qw: Version: 0.2-a-29-gc1b59c4
     0 | D:1      | 0 ||| qw: Game counter: 4582
     0 | D:1      | 0 ||| qw: Always use a shield: true
     0 | D:1      | 0 ||| qw: God list: Okawaru
     0 | D:1      | 0 ||| qw: Allow faded altars: false
     0 | D:1      | 0 ||| qw: Do Orc after D:15 true
     0 | D:1      | 0 ||| qw: Do second Lair branch before Depths: true
     0 | D:1      | 0 ||| qw: Lair rune preference: random
     0 | D:1      | 0 ||| qw: Plans: Normal, Zot:1-4, Slime:5, God:TSO, Crypt,
                  | Tomb, Abyss, Pan, Hells, Win
     0 | D:1      | 0 ||| PLANNING D:1-11
    93 | D:1      | Reached skill level 2 in Axes
   327 | D:1      | Reached XP level 2. HP: 19/19 MP: 2/2
   950 | D:1      | 950 ||| Stepping ~*~*~tactically~*~*~ (stealth).
   957 | D:1      | 957 ||| Stepping ~*~*~tactically~*~*~ (stealth).
   966 | D:1      | Reached skill level 3 in Axes
   986 | D:1      | 986 ||| Stepping ~*~*~tactically~*~*~ (stealth).
   998 | D:1      | Reached XP level 3. HP: 17/23 MP: 3/3
  1128 | D:1      | 1128 ||| UPGRADING to +0 chain mail.
  1138 | D:1      | 1138 ||| DROPPING +0 scale mail.
  1139 | D:1      | 1139 ||| UPGRADING to +0 helmet.
  1144 | D:1      | 1144 ||| READING scroll labelled NUPLYH HILYUM.
  1145 | D:1      | 1145 ||| READING scroll labelled YSAURHELAU.
  1205 | D:2      | 1205 ||| Stepping ~*~*~tactically~*~*~ (hiding).
  1226 | D:2      | 1226 ||| Stepping ~*~*~tactically~*~*~ (stealth).
  1233 | D:2      | 1233 ||| Stepping ~*~*~tactically~*~*~ (stealth).
  1234 | D:2      | 1234 ||| Stepping ~*~*~tactically~*~*~ (stealth).
  1283 | D:2      | 1283 ||| FLEEEEING.
  1284 | D:2      | 1284 ||| FLEEEEING.
  1285 | D:2      | 1285 ||| FLEEEEING.
  1286 | D:2      | 1286 ||| FLEEEEING.
  1287 | D:2      | 1287 ||| FLEEEEING.
  1288 | D:2      | 1288 ||| FLEEEEING.
  1289 | D:2      | 1289 ||| FLEEEEING.
  1290 | D:2      | 1290 ||| FLEEEEING.
  1291 | D:2      | 1291 ||| FLEEEEING.
  1292 | D:2      | 1292 ||| FLEEEEING.
  1293 | D:2      | 1293 ||| FLEEEEING.
  1294 | D:2      | 1294 ||| FLEEEEING.
  1515 | D:2      | Found a runed translucent door.
  1516 | D:2      | Noticed Crazy Yiuf
  1746 | D:2      | 1746 ||| UPGRADING to amulet of the acrobat.
  1751 | D:2      | 1751 ||| DROPPING ring of wizardry.
  1752 | D:2      | 1752 ||| READING scroll labelled VEB CUBLASUE.
  1753 | D:2      | 1753 ||| READING scroll labelled CEUNELA YLEMA.
  1754 | D:2      | 1754 ||| DRINKING 2 cyan potions.
  1869 | D:3      | 1869 ||| Stepping ~*~*~tactically~*~*~ (stealth).
  1873 | D:3      | Found a shimmering blue altar of Sif Muna.
  1873 | D:3      | Found a shimmering altar of Xom.
  2016 | D:3      | Reached XP level 4. HP: 28/28 MP: 4/4
  2089 | D:3      | Reached skill level 4 in Axes
  2153 | D:3      | Noticed Natasha
  2162 | D:3      | Killed Natasha
  2358 | D:3      | Noticed Terence
  2371 | D:3      | Reached XP level 5. HP: 32/32 MP: 5/5
  2377 | D:3      | Killed Terence
  2512 | D:3      | 2512 ||| READING 2 scrolls of identify.
  2512 | D:3      | 2512 ||| IDENTIFYING inky potion
  2513 | D:3      | 2513 ||| DROPPING potion of enlightenment.
  2561 | D:4      | Found a sparkling altar of Nemelex Xobeh.
  2611 | D:4      | Reached skill level 5 in Axes
  2637 | D:4      | 2637 ||| Stepping ~*~*~tactically~*~*~ (hiding).
  2638 | D:4      | 2638 ||| Stepping ~*~*~tactically~*~*~ (hiding).
  2812 | D:4      | 2812 ||| Stepping ~*~*~tactically~*~*~ (hiding).
  2814 | D:4      | 2814 ||| Stepping ~*~*~tactically~*~*~ (hiding).
  2815 | D:4      | 2815 ||| Stepping ~*~*~tactically~*~*~ (hiding).
  2968 | D:4      | Noticed an ogre
  2974 | D:4      | Killed an ogre
  2975 | D:4      | Reached XP level 6. HP: 39/39 MP: 6/6
  2977 | D:4      | 2977 ||| Stepping ~*~*~tactically~*~*~ (hiding).
  3123 | D:4      | Noticed Edmund
  3136 | D:4      | Killed Edmund
  3137 | D:4      | Reached skill level 6 in Axes
  3137 | D:4      | Reached XP level 7. HP: 33/44 MP: 7/7
  3182 | D:4      | 3182 ||| DROPPING +0 mace.
  3229 | D:4      | 3229 ||| Stepping ~*~*~tactically~*~*~ (hiding).
  3231 | D:4      | 3231 ||| Stepping ~*~*~tactically~*~*~ (hiding).
  3267 | D:4      | 3267 ||| Stepping ~*~*~tactically~*~*~ (stealth).
  3436 | D:4      | Reached skill level 1 in Dodging
  3625 | D:4      | 3625 ||| DROPPING amulet of magic regeneration.
  3626 | D:4      | 3626 ||| READING scroll labelled NITAEH UDACI.
  3627 | D:4      | 3627 ||| READING scroll labelled WAT POAGA.
  3628 | D:4      | 3628 ||| READING scroll labelled GOV PILATRO.
  3729 | D:4      | 3729 ||| READING scroll labelled CYXZEOLUVI.
  3730 | D:4      | 3730 ||| DRINKING 2 blue potions.
  3764 | D:5      | Entered Level 5 of the Dungeon
  3810 | D:5      | Slain by an ogre

Levels and vault maps discovered:
D:1:      minmay_arrival_diagonal_passages, layout_rooms,
          serial_co_window_serial, co_window_paths_b,
          co_window_of_opportunity_a, co_window_paths_a, co_window_paths_b,
          co_window_paths_a, co_window_of_opportunity_a, co_window_corner_a,
          co_window_unsneaky_path_e, co_window_unsneaky_path_b,
          co_window_unsneaky_path_c, co_window_broadway_c, co_window_2corner,
          glass_columns_a, chequers_hall_statues_y, st_stairs_12
D:2:      layout_rooms, uniq_crazy_yiuf_cottage
D:3:      layout_loops_ring, gammafunk_temple_overflow_elements, uniq_terence,
          uniq_natasha
D:4:      layout_gridville, old_standard_altar, serial_demonic,
          serial_demonic_d, serial_demonic_c, serial_demonic_a,
          serial_demonic_f, uniq_edmund
D:5:      layout_cave_pools

Skill      XL: |  1  2  3  4  5  6  7 |
---------------+----------------------+-----
Axes           | 2 3 4 5 6 |  6.2
Fighting       | 4 |  4.6
Dodging        | 1 |  1.0
Armour         | |  3.2
Shields        | |  3.2

Action                     |  1- 3 |  4- 6 |  7- 9 || total
---------------------------+-------+-------+-------++-------
  Melee: War axe           |   113 |   117 |    51 ||   281
  Throw: Boomerang         |    15 |    31 |    13 ||    59
    Use: Scroll            |     4 |     1 |     4 ||     9
         Potion            |     1 |       |     1 ||     2
 Armour: Scale mail        |    39 |       |       ||    39
         Chain mail        |    13 |   132 |    35 ||   180
  Dodge: Dodged            |    36 |    63 |    19 ||   118
  Block: Buckler           |    12 |    20 |    15 ||    47

Table legend:
 A = Non-vault XP
 B = Vault XP
 C = Vault XP percentage of total XP
 D = Non-vault monster count
 E = Vault monster count
 F = Vault count percentage of total count
                 A         B        C        D         E       F
            +---------+---------+-------+---------+---------+-------
      Total |     388 |     342 |  46.8 |      73 |      12 |  14.1
            +---------+---------+-------+---------+---------+-------
        D:1 |      33 |       2 |   5.7 |      22 |       1 |   4.3
        D:2 |      21 |       0 |   0.0 |      13 |       0 |   0.0
        D:3 |      74 |      73 |  49.7 |      14 |       2 |  12.5
        D:4 |     205 |     267 |  56.6 |      22 |       9 |  29.0
        D:5 |      55 |       0 |   0.0 |       2 |       0 |   0.0
            +---------+---------+-------+---------+---------+-------
